 Dungeon Crawl Stone Soup version 0.16-a0-3976-g683f154 (console) character file.

65024 Schutzstaffel the Martial Artist (level 15, 0/129 HPs)
             Began as a Vine Stalker Monk on Feb 11, 2015.
             Was the Champion of Cheibriados.
             Slain by a dire elephant (16 damage)
             ... on level 8 of the Lair of Beasts.
             The game lasted 01:48:06 (22890 turns).

Schutzstaffel the Martial Artist (VSMo)            Turns: 22890, Time: 01:48:06

Health: 0/129      AC: 27    Str: 28    XL:     15   Next: 15%
Magic:  0/29       EV:  2    Int: 30    God:    Cheibriados [******]
Gold:   683        SH:  0    Dex: 34    Spells: 5 memorised, 4 levels left

rFire  + . .     SeeInvis .       - Unarmed
rCold  . . .     Clarity  .     M - melded +4 mottled dragon armour
rNeg   + + +     SustAb   .     (no shield)
rPois  +         Gourm    .     w - melded +1 helmet
rElec  .         Spirit   +     J - melded +0 cloak
rCorr  +         Warding  .     (gloves currently unavailable)
rMut   .         NoTele   +     l - melded +0 pair of boots
MR     +....                    v - amulet of resist corrosion
Stlth  ++++......               (no ring)
                                G - ring of protection from fire

@: tree-form, very slow, somewhat resistant to hostile enchantments, stealthy
A: (fangs 0), regeneration 3, magic shield, (antimagic bite), no device heal 3,
rot immunity
a: Bend Time, Temporal Distortion, Slouch, Step From Time, Renounce Religion


You were on level 8 of the Lair of Beasts.
You worshipped Cheibriados.
Cheibriados was exalted by your worship.
You were not hungry.
You were a tree.
You visited 3 branches of the dungeon, and saw 22 of its levels.

You collected 1337 gold pieces.
You spent 654 gold pieces at shops.

Notes
Turn   | Place    | Note
--------------------------------------------------------------
     0 | D:1      | Schutzstaffel, the Vine Stalker Monk, began the quest for the Orb.
     0 | D:1      | Reached XP level 1. HP: 11/11 MP: 1/1
   100 | D:1      | Reached XP level 2. HP: 11/16 MP: 3/3
   384 | D:1      | Found a sparkling altar of Nemelex Xobeh.
   496 | D:1      | Reached XP level 3. HP: 20/20 MP: 4/4
   717 | D:2      | Reached XP level 4. HP: 22/24 MP: 2/5
   923 | D:2      | Reached skill level 5 in Unarmed Combat
  1257 | D:2      | Noticed a moth of wrath
  1260 | D:2      | Found a bloodstained altar of Trog.
  1375 | D:2      | Reached XP level 5. HP: 19/28 MP: 7/7
  1813 | D:3      | Noticed trelanon's ghost (weakling FeTm)
  1830 | D:3      | Killed trelanon's ghost
  2125 | D:3      | Found a glowing silver altar of Zin.
  2126 | D:3      | Noticed a water moccasin
  2190 | D:3      | HP: 4/29 [asphyx]
  2967 | D:4      | Found a shattered altar of Ashenzari.
  2978 | D:4      | Noticed Ijyb
  3019 | D:3      | Killed Ijyb
  3105 | D:4      | Gained mutation: You heal very quickly. [vine stalker growth]
  3105 | D:4      | Reached XP level 6. HP: 28/33 MP: 8/8
  3138 | D:4      | Noticed Blork the orc
  3158 | D:4      | Killed Blork the orc
  3184 | D:4      | Reached skill level 6 in Unarmed Combat
  3200 | D:4      | Noticed Robin
  3255 | D:4      | Killed Robin
  3255 | D:4      | Reached skill level 4 in Fighting
  3318 | D:3      | Killed a water moccasin
  3318 | D:3      | Reached XP level 7. HP: 15/37 MP: 9/9
  3453 | D:4      | Found a staircase to the Ecumenical Temple.
  3470 | D:4      | Noticed a slave
  3470 | D:4      | Noticed a slave
  3524 | D:3      | Killed a slave
  3549 | D:3      | Killed a slave
  3584 | D:4      | Noticed Pikel
  3730 | D:4      | Noticed an ice beast
  3751 | D:4      | Killed an ice beast
  3751 | D:4      | Reached skill level 4 in Dodging
  3779 | Temple   | Entered the Ecumenical Temple
  3822 | Temple   | Became a worshipper of Cheibriados the Contemplative
  3849 | D:5      | Entered Level 5 of the Dungeon
  3997 | D:5      | Found a white marble altar of Elyvilon.
  4008 | D:5      | Reached skill level 7 in Unarmed Combat
  5112 | D:6      | Acquired Cheibriados' first power
  5145 | D:6      | Gained mutation: You have razor-sharp teeth. [vine stalker growth]
  5145 | D:6      | Reached XP level 8. HP: 42/42 MP: 11/11
  5662 | D:6      | Reached skill level 8 in Unarmed Combat
  5886 | D:6      | Found a basalt altar of Yredelemnul.
  6090 | D:7      | Acquired Cheibriados' second power
  6126 | D:7      | Found a shimmering altar of Xom.
  6595 | D:7      | Reached XP level 9. HP: 48/48 MP: 13/13
  6707 | D:7      | Learned a level 5 spell: Silence
  6726 | D:7      | Reached skill level 9 in Unarmed Combat
  6748 | D:7      | Found an iron altar of Okawaru.
  6752 | D:7      | Reached skill level 2 in Invocations
  6989 | D:7      | Found a deep blue altar of Sif Muna.
  7090 | D:5      | Reached skill level 6 in Fighting
  7220 | D:4      | Noticed a slave
  7229 | D:5      | Killed a slave
  7243 | D:4      | Noticed a slave
  7249 | D:4      | Killed Pikel
  7249 | D:4      | Acquired Cheibriados' third power
  7587 | D:8      | Found a sacrificial altar of Ru.
  7773 | D:8      | Noticed Grum
  7789 | D:8      | Reached skill level 6 in Dodging
  7823 | D:8      | Reached skill level 10 in Unarmed Combat
  8043 | D:8      | Reached XP level 10. HP: 46/53 MP: 17/18
  8170 | D:8      | Found a shadowy altar of Dithmenos.
  8344 | D:8      | Reached skill level 4 in Invocations
  8752 | D:9      | Found a staircase to the Lair.
  9109 | D:9      | Noticed Edmund
  9117 | D:9      | Killed Edmund
  9117 | D:9      | Reached skill level 6 in Invocations
  9143 | D:9      | Found a stormy altar of Qazlal.
  9538 | D:10     | Entered Level 10 of the Dungeon
  9776 | D:10     | Reached XP level 11. HP: 60/60 MP: 24/24
  9812 | D:10     | Found a staircase to the Orcish Mines.
  9889 | D:10     | Found Paigiryi's Gadget Shop.
  9989 | D:10     | Reached skill level 8 in Fighting
 10121 | D:10     | Reached skill level 8 in Invocations
 10222 | D:10     | Found Wamiem's Book Shoppe.
 10504 | D:10     | Found Ydeanedo's General Store.
 10518 | D:10     | Bought a potion of mutation for 30 gold pieces
 10736 | Lair:1   | Entered Level 1 of the Lair of Beasts
 10783 | Lair:1   | Learned a level 2 spell: Blink
 10786 | Lair:1   | Learned a level 2 spell: Repel Missiles
 10977 | Lair:1   | Reached skill level 2 in Translocations
 11457 | Lair:1   | Reached skill level 8 in Dodging
 11636 | Lair:1   | Reached skill level 4 in Translocations
 11769 | Lair:1   | Noticed a six-headed hydra
 11897 | Lair:2   | Gained mutation: You regenerate. [vine stalker growth]
 11897 | Lair:2   | Reached XP level 12. HP: 54/66 MP: 25/25
 12247 | Lair:2   | Found a shattered altar of Ashenzari.
 12426 | Lair:2   | Reached skill level 11 in Unarmed Combat
 12607 | D:10     | Bought a +2 mottled dragon armour for 624 gold pieces
 13146 | Lair:3   | Noticed an eight-headed hydra
 13153 | Lair:3   | Killed an eight-headed hydra
 13153 | Lair:3   | Reached skill level 10 in Fighting
 13425 | Lair:3   | Noticed a six-headed hydra
 13439 | Lair:3   | Killed a six-headed hydra
 13933 | Lair:4   | Noticed a six-headed hydra
 13953 | Lair:4   | Killed a six-headed hydra
 14044 | Lair:4   | Reached XP level 13. HP: 56/72 MP: 26/26
 14046 | Lair:4   | Reached skill level 12 in Unarmed Combat
 14119 | Lair:4   | Found a shimmering altar of Xom.
 14287 | Lair:4   | Reached skill level 10 in Dodging
 14597 | Lair:4   | Noticed a death yak
 14854 | Lair:5   | Reached skill level 2 in Spellcasting
 15661 | Lair:5   | Found a staircase to the Swamp.
 16086 | Lair:6   | Found a staircase to the Snake Pit.
 16191 | Lair:6   | Noticed Nergalle
 16602 | Lair:6   | Reached skill level 12 in Fighting
 16602 | Lair:6   | Reached skill level 2 in Charms
 16602 | Lair:6   | Reached skill level 2 in Air Magic
 17496 | Lair:7   | Reached skill level 2 in Armour
 17496 | Lair:7   | Reached XP level 14. HP: 57/80 MP: 23/28
 17869 | Lair:7   | Learned a level 3 spell: Flight
 17875 | Lair:7   | Learned a level 5 spell: Phase Shift
 18163 | Lair:8   | Entered Level 8 of the Lair of Beasts
 18271 | Lair:3   | Noticed a seven-headed hydra
 18288 | Lair:3   | Killed a seven-headed hydra
 18519 | D:8      | Killed Grum
 18640 | D:11     | Noticed a hill giant
 18651 | D:11     | Killed a hill giant
 18958 | D:11     | Killed an unseen horror
 19709 | D:12     | Got a heavily runed scale mail
 19721 | D:12     | Identified the +4 scale mail "Kheqer" {rF++ Slay+2} (You found it on level 12 of the Dungeon)
 19896 | D:12     | Found a staircase to the Orcish Mines.
 21259 | Lair:1   | Killed a six-headed hydra
 21452 | Lair:7   | Reached skill level 13 in Unarmed Combat
 21535 | Lair:8   | Found a staircase to the Slime Pits.
 21535 | Lair:8   | Found a viscous altar of Jiyva.
 22009 | Lair:8   | Reached XP level 15. HP: 65/86 MP: 26/29
 22886 | Lair:8   | HP: 25/129 [dire elephant (9)]
 22890 | Lair:8   | Slain by a dire elephant

Inventory:

Hand weapons
 a - a cursed +0 blowgun
   (You took it off a kobold on level 3 of the Dungeon)
Missiles
 c - 32 poisoned needles
 o - a curare-tipped needle {=f}
Armour
 l - a +0 pair of boots (melded)
   (You found it on level 6 of the Lair of Beasts)
 w - a +1 helmet (melded)
   (You took it off Robin on level 4 of the Dungeon)
 J - a +0 cloak (melded)
   (You found it on level 10 of the Dungeon)
 M - a +4 mottled dragon armour (melded)
   (You bought it in a shop on level 10 of the Dungeon)
 O - the +4 scale mail "Kheqer" {rF++ Slay+2}
   (You found it on level 12 of the Dungeon)

   It affects your accuracy and damage with ranged weapons and melee attacks
   (+2).
   It greatly protects you from fire.
Jewellery
 h - an uncursed ring of flight
   (You found it on level 3 of the Dungeon)
 v - an amulet of resist corrosion (around neck)
   (You found it on level 6 of the Dungeon)
 G - a ring of protection from fire (left branch)
   (You found it on level 9 of the Dungeon)
Magical devices
 i - a wand of fire (4)
   (You found it on level 4 of the Lair of Beasts)
 q - a wand of lightning (8)
   (You found it on level 11 of the Dungeon)
 r - a wand of disintegration (6)
   (You found it on level 3 of the Dungeon)
 t - a wand of flame (8)
   (You found it on level 3 of the Lair of Beasts)
 K - a wand of paralysis (9)
   (You found it on level 10 of the Dungeon)
 N - a wand of paralysis (17)
   (You found it on level 12 of the Dungeon)
Scrolls
 d - 3 scrolls of teleportation
 e - 3 scrolls of fear
 j - 9 scrolls of remove curse
 m - 2 scrolls of immolation
 x - a scroll of magic mapping
 B - 2 scrolls of recharging
 H - 2 scrolls of blinking
 I - a scroll of fog
 L - a scroll of silence
 P - a scroll of summoning
Potions
 f - a potion of resistance
 g - 2 potions of flight
 k - 3 potions of cure mutation
 s - 4 potions of curing
 A - a potion of might
 E - 2 potions of restore abilities
Comestibles
 b - 11 bread rations
 n - 4 chunks of flesh
 p - 8 meat rations
 z - 4 beef jerkies
 D - 15 fruits
 F - 4 slices of pizza


   Skills:
 + Level 13.2 Fighting
 - Level 2.6 Armour
 + Level 11.4 Dodging
 - Level 2.4 Stealth
 + Level 13.4 Unarmed Combat
 - Level 3.5 Spellcasting
 - Level 3.2 Charms
 - Level 4.8 Translocations
 - Level 2.8 Air Magic
 - Level 9.0 Invocations


You had 4 spell levels left.
You knew the following spells:

 Your Spells              Type           Power        Failure   Level  Hunger
B - Blink                 Tloc           N/A          1%          2    None
F - Flight                Chrm/Air       ###.......   10%         3    ##.....
M - Repel Missiles        Chrm/Air       ###...       3%          2    None
P - Phase Shift           Tloc           ####......   28%         5    #####..
S - Silence               Hex/Air        ##........   93%         5    #####..


Dungeon Overview and Level Annotations

Branches:
Dungeon (13/15)            Temple (1/1) D:4            Lair (8/8) D:9
  Swamp (0/5) Lair:5        Snake (0/5) Lair:6        Slime (0/6) Lair:8
    Orc (0/4) D:10
 Vaults: D:13-14

Altars:
Ashenzari
Cheibriados
Dithmenos
Elyvilon
Fedhas
Gozag
Kikubaaqudgha
Makhleb
Nemelex Xobeh
Okawaru
Qazlal
Ru
Sif Muna
Trog
Vehumet
Xom
Yredelemnul
Zin
The Shining One
Jiyva

Shops:
D:10 }:*

Annotations:
D:7 exclusion: door
Lair:4 exclusion: death yak
Lair:6 Nergalle


Innate Abilities, Weirdness & Mutations

((You have razor-sharp teeth.))
You regenerate.
When hurt, damage is shared between your health and your magic reserves.
((Your bite disrupts and absorbs the magic of your enemies.))
Potions and wands cannot restore your health.
You are immune to rotting.


Message History

Ze dir elefant splasches arund in ze vater.
Ze dir elefant trunk-slaps yu but does no damag.
Yu hit ze dir elefant but do no damag.
Yu bit ze dir elefant.
Ze dir elefant ist moderately vunded.
Ze dir elefant splasches arund in ze vater.
Ze dir elefant trunk-slaps yu but does no damag.
Ze dir elefant splasches arund in ze vater. x2
Yu pumel ze dir elefant!!
Yu bit ze dir elefant, but do no damag.
Ze dir elefant ist heavily vunded.
Ze dir elefant splasches arund in ze vater.
Ze dir elefant trunk-slaps yu!
Yu smak ze dir elefant!
Yu bit ze dir elefant, but do no damag.
Ze dir elefant ist heavily vunded.
Ze dir elefant tramples yu.
Ze dir elefant trunk-slaps yu but does no damag.
Ze dir elefant splasches arund in ze vater.
Ze dir elefant trunk-slaps yu but does no damag.
Yu pumel ze dir elefant!!
Yu bit ze dir elefant, but do no damag.
Ze dir elefant ist severely vunded.
Ze dir elefant tramples yu!!
Ze dir elefant trunk-slaps yu but does no damag.
Yu hit ze dir elefant but do no damag.
Yu bit ze dir elefant, but do no damag.
Ze dir elefant ist severely vunded.
Ze dir elefant tramples yu!
Ze dir elefant splasches arund in ze vater.
Ze dir elefant tramples yu!
Ze dir elefant trunk-slaps yu.
Yu smak ze dir elefant!
Yu bit ze dir elefant, but do no damag.
Ze dir elefant ist severely vunded.
Ze dir elefant splasches arund in ze vater.
Ze dir elefant trunk-slaps yu.
Yu pumel ze dir elefant!!
Yu punch ze dir elefant, but do no damag.
Yu bit ze dir elefant.
Ze dir elefant ist almost dead.
Ze dir elefant tramples yu!
Ze dir elefant trunk-slaps yu but does no damag.
Ze dir elefant splasches arund in ze vater.
Ze dir elefant trunk-slaps yu but does no damag.
Yu hit ze dir elefant.
Yu punch ze dir elefant, but do no damag.
Yu bit ze dir elefant, but do no damag.
Ze dir elefant ist almost dead.
Ze dir elefant kompletely mises yu.
Ze dir elefant trunk-slaps yu but does no damag.
Yu hit ze dir elefant but do no damag.
Yu bit ze dir elefant, but do no damag.
Ze dir elefant ist almost dead.
Ze dir elefant splasches arund in ze vater.
Ze dir elefant trunk-slaps yu but does no damag.
Ze dir elefant tramples yu!!
Yu die...

##..##...!##P#........##..
#...########P#........P...
#...##YY ##8.#............
#.#.#[?? #8..+............
###.#... #.⌠.+............
#.#... #8..+............
#.#... ##8.#...........P
#.##''####.#.........#.P
#.##≈≈Y♣##.#..........#P
#.#≈≈≈Y≈.#.#..........PP
#.#≈≈≈≈≈≈#.#..........PP
##.#..≈≈≈##.#............
##..##...≈#..#............
#...##'####.##............
###.#8.8#..P#♣.......##...
#.#..P#.###..††.........
####.#..##.##..............


You could see 2 dire elephants.

Vanquished Creatures
  9 hydras
  An anaconda
  3 death yaks
  A catoblepas
  3 skeletal warriors
  An unseen horror
  4 hill giants Pikel
  A cyclops
  A manticore
  An octopode (shapeshifter)
  A griffon
  A centaur zombie
  13 black mambas
  7 elephants
  A torpor snail
  15 spiny frogs
  7 orange demons
  2 gargoyles
  4 fire drakes
  A kobold demonologist
  A red devil
  9 komodo dragons
  A tengu conjurer
  A polar bear
  9 blink frogs
  A troll
  2 ravens
  3 basilisks
  77 yaks
  13 hippogriffs
  2 wyverns
  2 deep elf magi
  2 wraiths
  A warg
  14 wolves Grum
  A mottled dragon
  3 swamp worms Edmund
  A soldier ant
  17 water moccasins
  8 porcupines
  4 sky beasts
  4 orc warriors
  4 ice beasts
  5 black bears
  3 slaves
  3 phantoms
  A wasp
  3 boring beetles
  16 crocodiles
  14 centaurs
  6 ogres Blork the orc
  19 giant frogs
  3 scorpions
  A water moccasin skeleton
  2 electric eels
  5 killer bees
  3 giant frog zombies
  7 jellies
  8 crimson imps
  A goliath beetle
  9 hounds
  2 centaur skeletons
  4 giant frog skeletons
  The ghost of trelanon the Sneak, a weakling FeTm
  8 orc priests
  11 worker ants
  7 orc wizards
  10 iguanas
  A killer bee zombie
  19 sheep Ijyb
  A mummy
  A hound skeleton Robin
  38 river rats
  3 gnolls
  A worker ant zombie
  32 adders
  4 giant mites
  4 shadow imps
  4 worms
  3 adder zombies
  11 giant geckos
  2 oozes
  38 orcs
  5 ball pythons
  A bat skeleton
  6 giant cockroaches
  24 goblins
  20 hobgoblins
  11 jackals
  25 quokkas
  16 bats
  2 giant newts
  A giant spore
  16 kobolds
  2 quokka skeletons
  A quokka zombie
  31 rats
  4 ballistomycetes
  A fungus
  3 plants
746 creatures vanquished.

Vanquished Creatures (others)
  5 sheep
  A giant spore
  2 fungi
  A plant
9 creatures vanquished.

Grand Total: 755 creatures vanquished

Action                   |  1- 3 |  4- 6 |  7- 9 | 10-12 | 13-15 || total
-------------------------+-------+-------+-------+-------+-------++-------
Melee: Unarmed           |    78 |   239 |   301 |   667 |   829 ||  2114
 Fire: Blowgun           |       |     8 |    20 |    24 |     7 ||    59
 Cast: Repel Missiles    |       |       |       |       |     1 ||     1
       Flight            |       |       |       |       |     1 ||     1
Evoke: Wand              |       |     2 |       |     3 |    11 ||    16
  Use: Scroll            |       |     6 |    13 |     6 |     7 ||    32
       Potion            |       |     2 |     1 |       |     1 ||     4
 Stab: Sleeping          |     3 |     3 |     5 |     8 |    11 ||    30
       Fleeing           |       |       |     2 |     1 |       ||     3
       Distracted        |       |       |       |     9 |     4 ||    13
       Confused          |       |       |       |     1 |     2 ||     3
  Eat: Chunk             |       |     8 |     8 |    14 |    16 ||    46
       Beef jerky        |       |       |     2 |       |       ||     2
       Fruit             |       |       |       |       |     2 ||     2
       Royal jelly       |       |       |       |       |     1 ||     1

Table legend:
 A = Turns spent in this place as a percentage of turns spent in the entire game.
 B = Non-inter-level travel turns spent in this place as a percentage of non-inter-level travel turns spent in the entire game.
 C = Inter-level travel turns spent in this place as a percentage of turns spent in this place.
 D = Turns resting spent in this place as a percentage of non-inter-level travel turns spent in this place.
 E = Turns spent auto-exploring this place as a percentage of non-inter-level travel turns spent in this place.
 F = Non-inter-level travel turns spent in this place divided by the number of levels of this place that you've seen.
                   A       B       C       D       E      F
               +-------+-------+-------+-------+-------+----------------------
         Total | 100.0 | 100.0 |   0.7 |   3.5 |   7.3 | 391.8
       Dungeon |  59.3 |  59.2 |   0.8 |   3.6 |   7.9 | 392.8
        Temple |   0.2 |   0.2 |   5.3 |   0.0 |   5.6 |  18.0
          Lair |  40.5 |  40.6 |   0.5 |   3.5 |   6.5 | 437.0
               +-------+-------+-------+-------+-------+----------------------

Vault maps used:
D:1:      dpeg_arrival_sounds_drone, nemelex_deck
D:2:      tgw_trog, minmay_misc_feat_square
D:3:      zin_treasury, first_bread
D:4:      lemuel_crystal_altar, minmay_temple_entry_crystal_x, st_stairs_12,
          uniq_blork_the_orc, uniq_robin, uniq_iyjb, uniq_pikel
D:5:      lemuel_crystal_altar
D:6:      lemuel_coloured_pillars_altar
D:7:      led_sif_book, okawaru_ov_weapons_minmay, kb_xom_exploding_sheep
D:8:      grunt_dithmenos_shadows, nicolae_ru_awakened_eye, uniq_grum
D:9:      nicolae_qazlal_style_of_elements, dpeg_lair_monsters, uniq_edmund
D:10:     david_orc_3, serial_shops, nicolae_shop_crystal,
          nicolae_shop_window_shopping, shop_coins, grunt_tengu_nest
D:11:     minmay_beelzebubs_servants
D:12:     orc_0_dummy
Temple:   temple_eino_lava_8
Lair:2:   basic_altar, minmay_stone_trees_medium, st_stairs_13,
          grunt_megastairs_2
Lair:3:   beast_lair_carwin_6
Lair:4:   basic_altar, minmay_holes
Lair:5:   minmay_swamp_entry_worms
Lair:6:   minmay_snake_entry_six_corridors, infiniplex_staircase_pool,
          uniq_nergalle
Lair:7:   minivault_27, lemuel_old_faithful, grunt_megastairs_5
Lair:8:   due_jungle_book, slime_altar_1, serial_pond, minmay_pond_plants_x,
          minmay_pond_plants_ab, minmay_pond_plants_ad, minmay_pond_plants_b,
          minmay_pond_plants_j, st_stairs_6
